Map: Acid Plant LE

Players

Namshar - Winner!

  • Race: Zerg Zerg
  • Spawn Location: 5:00

Harstem

  • Race: Protoss Protoss
  • Spawn Location: 11:00

Event: WCS Valencia 2018

VOD

Have the link to the VOD?

Description

Time

  • Played on: July 12, 2018, 2:34 p.m.
  • Length: 19:55

All games in this series

Show
View Real Time Build Order
Export as new Build Order

Namshar Zerg - Winner!

Build Orders: Hatch First, Lurkers, Roach Hydra 

Get SALT Encoding   

  12  0:00  Drone  
  13  0:12  Overlord  
  13  0:16  Drone  
  14  0:31  Drone x2  
  14  0:34  Drone  
  17  0:50  Hatchery  
  17  0:53  Drone  
  17  0:56  Drone  
  18  1:07  Extractor  
  17  1:11  Spawning Pool  
  17  1:14  Drone  
  17  1:18  Drone  
  18  1:28  Drone  
  19  1:39  Drone  
  20  1:49  Overlord  
  20  1:57  Queen  
  22  2:02  Zergling x4, Queen  
  22  2:07  Metabolic Boost  
  26  2:11  Drone  
  26  2:13  Drone  
  28  2:22  Drone  
  29  2:24  Drone  
  30  2:31  Hatchery  
  30  2:35  Drone  
  30  2:41  Drone  
  30  2:43  Overlord  
  31  2:47  Drone  
  32  2:52  Queen  
  32  2:55  Zergling x2  
  32  2:57  Overlord  
  35  3:05  Zergling x2  
  36  3:09  Drone x3  
  36  3:10  Drone  
  40  3:19  Drone  
  41  3:23  Queen  
  43  3:28  Spore Crawler  
  43  3:29  Spore Crawler, Drone  
  43  3:33  Overlord  
  42  3:35  Drone  
  42  3:41  Overlord  
  43  3:42  Drone  
  43  3:43  Drone  
  43  3:44  Drone x2  
  47  3:50  Drone  
  47  3:51  Drone  
  49  3:56  Drone  
  49  4:01  Drone  
  49  4:02  Drone x3  
  54  4:06  Overlord  
  54  4:07  Zergling x2  
  55  4:14  Zergling x2  
  56  4:17  Overlord  
  56  4:20  Queen  
  56  4:21  Extractor  
  56  4:22  Drone x4  
  61  4:25  Zergling x2  
  61  4:27  Drone  
  61  4:30  Roach Warren, Drone x2  
  64  4:32  Evolution Chamber, Drone x2  
  64  4:36  Spore Crawler  
  64  4:39  Drone  
  64  4:40  Drone x2  
  62  4:51  Drone x4  
  62  4:52  Drone  
  66  4:57  Drone x2  
  68  5:02  Overlord, Zerg Missile Weapons Level 1  
  67  5:10  Roach  
  67  5:11  Roach x5  
  79  5:18  Extractor  
  78  5:22  Queen  
  78  5:24  Drone x3  
  78  5:26  Extractor, Overlord  
  78  5:27  Overlord  
  78  5:28  Lair  
  82  5:30  Drone x2  
  82  5:33  Extractor  
  82  5:35  Roach  
  85  5:36  Overlord  
  85  5:37  Drone  
  85  5:38  Drone x2  
  85  5:40  Overlord  
  85  5:42  Drone  
  89  5:50  Drone x4  
  89  5:51  Drone  
  94  5:58  Drone x3  
  94  6:03  Overlord  
  97  6:06  Extractor  
  97  6:08  Drone x3  
  97  6:09  Drone  
  97  6:10  Drone x2  
  102  6:15  Drone  
  102  6:16  Drone  
  100  6:21  Hatchery  
  99  6:28  Drone x2  
  99  6:31  Glial Reconstitution  
  100  6:32  Hydralisk Den  
  100  6:34  Evolution Chamber  
  100  6:37  Overlord x2  
  100  6:38  Drone  
  99  6:43  Overlord  
  99  6:54  Drone x3  
  100  6:57  Overlord  
  102  7:02  Drone x2  
  102  7:03  Drone x8  
  102  7:04  Grooved Spines, Zerg Missile Weapons Level 2  
  102  7:05  Zerg Ground Armor Level 1  
  102  7:07  Lurker Den  
  111  7:14  Overlord  
  111  7:15  Hydralisk  
  111  7:16  Hydralisk x5  
  111  7:20  Overlord  
  122  7:26  Hydralisk  
  122  7:27  Hydralisk x3  
  128  7:33  Extractor  
  128  7:34  Extractor  
  128  7:37  Hydralisk x4  
  134  7:46  Hydralisk x5  
  144  7:55  Pneumatized Carapace  
  143  8:03  Spore Crawler, Drone x4  
  146  8:06  Hydralisk  
  146  8:07  Hydralisk x5  
  158  8:16  Muscular Augments, Hydralisk  
  158  8:17  Hydralisk  
  158  8:18  Infestation Pit  
  161  8:27  Overseer  
  161  8:28  Overlord x3  
  161  8:30  Hydralisk x5  
  171  8:35  Overlord  
  171  8:37  Queen  
  171  8:39  Lurker  
  171  8:40  Lurker  
  175  8:44  Overlord  
  175  8:45  Roach  
  175  8:46  Roach x3  
  183  9:01  Zerg Ground Armor Level 2, Hive  
  183  9:05  Roach x3  
  183  9:09  Hatchery  
  188  9:23  Drone x4  
  189  9:32  Drone  
  189  9:33  Drone x3  
  189  9:35  Spine Crawler  
  189  9:36  Spine Crawler x2  
  189  9:37  Spine Crawler  
  183  9:41  Hydralisk x8  
  189  9:48  Lurker x4  
  189  9:52  Drone  
  187  9:53  Drone x7  
  189  10:12  Drone  
  189  10:13  Spine Crawler, Queen  
  191  10:14  Drone  
  191  10:18  Adaptive Talons  
  191  10:19  Extractor  
  191  10:23  Extractor  
  191  10:25  Lurker x5  
  191  10:26  Drone  
  191  10:27  Drone  
  195  10:34  Hydralisk x2  
  198  11:02  Hydralisk x4  
  192  11:13  Lurker x6  
  198  11:26  Queen  
  195  11:46  Lurker  
  191  11:47  Lurker  
  191  11:48  Lurker x2  
  191  11:58  Hydralisk x6  
  191  11:59  Hydralisk x2  
  186  12:06  Hydralisk x10  
  193  12:14  Hydralisk x6  
  193  12:30  Hydralisk x2  
  193  12:31  Hydralisk  
  199  12:39  Hydralisk  
  199  12:41  Overseer x2  
  199  12:42  Overseer  
  188  12:51  Drone  
  188  12:52  Spire, Queen  
  188  12:58  Overseer x2  
  189  12:59  Overlord, Overseer  
  189  13:00  Overlord x2  
  189  13:13  Queen  
  189  13:14  Hatchery, Queen  
  189  13:15  Overlord x2  
  189  13:17  Queen x2  
  189  13:18  Zerg Ground Armor Level 3, Zerg Missile Weapons Level 3  
  192  13:20  Drone x2  
  192  13:21  Drone x4  
  197  13:28  Queen  
  199  13:47  Zergling x2  
  200  14:01  Overseer x4  
  187  14:08  Corruptor  
  187  14:09  Corruptor x10  
  200  14:22  Overlord x2  
  200  14:23  Overlord x2, Greater Spire  
  190  14:28  Overseer  
  190  14:29  Overseer x2  
  190  14:31  Overseer  
  190  14:39  Overlord  
  190  14:40  Overlord  
  190  14:43  Queen  
  192  14:54  Lurker x3  
  192  14:55  Lurker x4  
  182  15:24  Corruptor  
  182  15:25  Corruptor x9  
  173  15:33  Overseer x2  
  169  15:37  Zerg Flyer Weapons Level 1  
  169  15:39  Hydralisk, Overseer x2  
  169  15:40  Hydralisk x4  
  176  15:54  Drone  
  176  15:55  Zerg Melee Weapons Level 1, Drone  
  176  15:56  Drone x2  
  180  16:05  Hydralisk x3  
  180  16:06  Corruptor, Hydralisk  
  180  16:07  Corruptor  
  189  16:21  Lurker x3  
  189  16:22  Lurker  
  189  16:23  Drone x3  
  194  16:45  Hydralisk x2  
  194  16:46  Zergling x4  
  188  17:10  Overseer x2  
  188  17:11  Overseer  
  188  17:14  Hydralisk x3  
  188  17:15  Zergling x10  
  186  17:16  Zergling x4  
  186  17:34  Corruptor x2  
  186  17:35  Corruptor x2  
  183  17:37  Overlord x4, Zerg Flyer Weapons Level 2  
  183  17:57  Brood Lord  
  183  17:58  Brood Lord x4  
  193  18:00  Brood Lord x2  
  193  18:05  Lurker x2  
  199  18:07  Lurker  
  199  18:14  Hydralisk  
  199  18:15  Zergling x2  
  176  18:43  Hydralisk x5  
  186  18:51  Corruptor  
  186  18:52  Corruptor x6  
  192  19:04  Corruptor x3  
  195  19:16  Hydralisk x2  
  199  19:29  Zergling x4  
  196  19:33  Drone x2  
  196  19:34  Drone x2  
Show
View Real Time Build Order
Export as new Build Order

Harstem Protoss 

Build Orders: 1 Gate Expand, Oracle Opening, Archon Immortal, Carriers, Zealot Archon 

Get SALT Encoding   

  12  0:00  Probe  
  13  0:12  Probe  
  14  0:20  Pylon  
  14  0:25  Probe  
  15  0:28  Assimilator  
  15  0:35  Probe  
  16  0:43  Probe  
  16  0:45  Gateway  
  17  0:52  Probe  
  18  1:04  Probe  
  19  1:16  Probe  
  20  1:23  Nexus  
  20  1:36  Cybernetics Core  
  20  1:38  Probe  
  21  1:43  Assimilator  
  21  1:50  Probe  
  21  1:53  Pylon  
  22  2:02  Probe  
  22  2:03  Adept  
  23  2:14  Probe  
  26  2:16  Stargate  
  26  2:22  Adept  
  26  2:25  Warp Gate  
  26  2:26  Probe  
  27  2:35  Probe  
  30  2:38  Probe  
  31  2:47  Probe  
  31  2:49  Oracle  
  31  2:51  Probe  
  35  2:59  Probe  
  35  3:03  Probe  
  38  3:05  Stalker  
  38  3:11  Probe, Pylon  
  41  3:15  Probe  
  42  3:24  Probe  
  42  3:25  Gateway  
  42  3:26  Oracle  
  43  3:27  Probe  
  44  3:36  Probe  
  44  3:39  Probe  
  44  3:40  Assimilator  
  49  3:44  Assimilator  
  49  3:47  Pylon  
  49  3:48  Probe  
  50  3:51  Probe  
  51  4:00  Probe  
  52  4:03  Probe  
  53  4:10  Probe  
  53  4:12  Probe  
  55  4:18  Nexus, Probe  
  55  4:20  Probe  
  55  4:22  Pylon  
  56  4:28  Pylon  
  57  4:32  Forge, Probe  
  57  4:33  Twilight Council  
  58  4:46  Zealot x2  
  58  4:47  Probe  
  58  4:51  Probe  
  63  5:02  Protoss Ground Weapons Level 1, Charge  
  63  5:05  Pylon  
  63  5:06  Zealot x2  
  67  5:08  Probe  
  67  5:10  Probe  
  67  5:20  Probe  
  68  5:23  Robotics Facility, Probe  
  68  5:26  Probe  
  69  5:28  Sentry  
  69  5:30  Gateway x2  
  69  5:32  Probe  
  69  5:34  Probe  
  69  5:35  Probe  
  74  5:36  Templar Archives  
  75  5:44  Probe  
  75  5:45  Probe  
  75  5:47  Probe  
  78  5:54  Gateway  
  78  5:56  Gateway  
  78  5:57  Probe  
  80  5:59  Assimilator, Probe  
  80  6:04  Gateway x2, Probe, Assimilator  
  80  6:07  Immortal  
  80  6:09  Probe  
  82  6:16  Psionic Storm  
  86  6:20  Pylon  
  86  6:25  Probe  
  86  6:26  Probe  
  86  6:27  Probe  
  86  6:28  Shield Battery  
  88  6:37  Probe, Phoenix  
  88  6:38  Immortal, Probe  
  88  6:39  Probe  
  91  6:40  Photon Cannon  
  91  6:42  High Templar  
  91  6:43  High Templar  
  101  6:47  High Templar x2  
  101  6:52  Pylon  
  105  6:57  Pylon  
  105  7:03  Protoss Ground Weapons Level 2  
  105  7:09  High Templar x2  
  105  7:10  Zealot x2  
  105  7:13  Shield Battery, Pylon  
  105  7:15  Observer, Pylon, Archon  
  114  7:25  Warp Prism  
  114  7:28  Probe  
  114  7:29  Shield Battery  
  113  7:33  Zealot, High Templar x2, Pylon  
  113  7:34  Zealot x3  
  127  7:37  Pylon  
  127  7:41  Archon  
  127  7:45  High Templar  
  127  7:49  Photon Cannon  
  127  7:50  Immortal, Photon Cannon  
  129  7:52  Photon Cannon  
  129  8:01  Robotics Facility  
  133  8:10  Probe  
  134  8:14  Probe  
  134  8:17  High Templar  
  134  8:18  Zealot x4, High Templar  
  147  8:21  Immortal  
  147  8:23  Nexus, Pylon, Archon  
  151  8:41  Immortal  
  151  8:42  Probe  
  151  8:43  Pylon  
  151  8:46  Assimilator  
  148  8:50  Assimilator  
  148  8:52  High Templar  
  154  9:01  Immortal  
  154  9:02  High Templar  
  160  9:06  Photon Cannon  
  160  9:08  Shield Battery  
  160  9:10  Pylon  
  160  9:13  Protoss Ground Weapons Level 3, Pylon  
  160  9:15  Zealot x5  
  170  9:24  Fleet Beacon  
  148  9:47  High Templar  
  148  9:48  Zealot, High Templar x3  
  148  9:49  Zealot x3  
  159  9:52  Archon  
  159  9:53  Archon  
  159  9:56  Oracle  
  159  10:02  Probe  
  159  10:07  Immortal  
  154  10:09  Probe  
  154  10:10  Mothership  
  154  10:13  Photon Cannon  
  153  10:15  Pylon  
  153  10:16  Photon Cannon  
  153  10:17  Zealot  
  153  10:18  Zealot x3  
  161  10:23  Immortal  
  161  10:27  Shield Battery  
  157  10:28  Pylon  
  169  10:37  Probe  
  169  10:38  Carrier  
  169  10:39  Protoss Air Weapons Level 1  
  169  10:40  Photon Cannon  
  170  10:46  Immortal  
  174  10:52  Stargate  
  176  11:04  Zealot x2  
  170  11:06  Zealot x3  
  170  11:09  Warp Prism  
  176  11:14  Zealot  
  176  11:15  Zealot x2  
  180  11:27  High Templar  
  180  11:28  High Templar x2  
  180  11:30  Immortal  
  190  11:35  Zealot x5  
  194  12:07  Zealot x4  
  200  12:15  Carrier  
  191  12:18  Probe  
  187  12:24  Carrier  
  172  12:44  Pylon  
  172  12:46  Pylon  
  171  12:54  Photon Cannon x3  
  171  12:55  Pylon  
  171  12:56  Nexus  
  171  12:57  Photon Cannon, Pylon x2  
  169  13:07  Pylon  
  169  13:10  Assimilator  
  169  13:11  Protoss Air Weapons Level 2  
  169  13:15  High Templar x2, Assimilator  
  171  13:20  High Templar x4  
  171  13:25  Archon x2  
  171  13:34  Observer  
  172  13:40  Carrier  
  172  13:41  Oracle  
  172  13:42  Protoss Shields Level 1  
  172  14:05  Zealot x6  
  184  14:12  Probe  
  185  14:17  Assimilator  
  185  14:20  Pylon  
  185  14:29  High Templar x2  
  185  14:30  Zealot x2, High Templar x2  
  197  14:36  Archon  
  197  14:41  Probe x2  
  199  14:51  Oracle  
  199  14:57  Pylon  
  199  15:04  Photon Cannon  
  199  15:06  Photon Cannon  
  195  15:16  Carrier  
  155  15:29  Zealot x5  
  155  15:30  Zealot  
  155  15:32  Observer  
  173  15:40  Observer  
  170  15:45  Carrier  
  176  15:54  Zealot x2  
  174  16:05  High Templar  
  174  16:06  High Templar x3  
  176  16:12  Archon x2  
  176  16:20  Photon Cannon  
  172  16:29  Observer  
  173  16:37  High Templar x2  
  173  16:38  High Templar x3  
  173  16:39  High Templar  
  185  16:41  Carrier  
  185  16:47  Archon x3  
  156  17:17  Stargate  
  156  17:18  Zealot x4  
  164  17:26  Graviton Catapult  
  142  17:41  High Templar x4  
  142  17:42  Zealot x2  
  154  17:47  Carrier, Archon  
  154  17:48  Archon  
  151  18:07  Zealot  
  151  18:08  Zealot  
  139  18:43  High Templar x2  
  139  18:45  Zealot x4  
  113  19:10  High Templar  
Tags
 
Add a new tag
Caveats
  • Supply blocks, unpowered buildings, or Contaminate may cause inaccurate times.
  • Supply counts are checked every 10 seconds.